 Dungeon Crawl Stone Soup version 0.28-a0-1286-g6bde065e89 (webtiles) character file.

Game seed: 3697358883444938895

254761 karrick the Unseen (level 20, -17/151 (161) HPs)
             Began as a Gnoll Fighter on Dec 26, 2021.
             Was a High Priest of Okawaru.
             Killed from afar by an ironbound frostheart (24 damage)
             ... by creeping frost
             ... on level 3 of the Vaults.
             The game lasted 02:53:26 (40088 turns).

karrick the Unseen (Gnoll Fighter)                 Turns: 40088, Time: 02:53:27

HP:   -17/151 (161) AC: 16    Str: 29    XL:     20   Next: 19%
MP:   19/37         EV: 22    Int: 14    God:    Okawaru [*****.]
Gold: 2932          SH: 15    Dex: 21    Spells: 21/46 levels left

rFire   . . .      SeeInvis +   E - +9 broad axe (drain)
rCold   + . .      Faith    +   p - +0 kite shield of the Hall of Blades {*Slow +Inv Regen+ Str+7}
rNeg    . . .      Spirit   .   R - +0 troll leather armour
rPois   .          Reflect  .   v - +2 helmet {SInv}
rElec   .          Harm     .   w - scarf {repulsion}
rCorr   .          Rampage  .   a - +2 pair of gloves {infuse}
Will    +....                   V - +1 pair of boots {Stlth+}
Stlth   ++++++....              L - amulet of faith
HPRegen 1.95/turn               P - +6 ring of strength
MPRegen 0.25/turn               I - ring of Fucus {Contam rC+ Int+2 Dex+5}

@: silenced, very slightly contaminated, studying Stealth, drained, invisible,
repel missiles
A: fangs 1, strong nose, distributed training
}: 1/15 runes: decaying
a: Renounce Religion, Evoke Invisibility


You were on level 3 of the Vaults.
You worshipped Okawaru.
Okawaru was extremely pleased with you.
You visited 7 branches of the dungeon, and saw 35 of its levels.
You visited the Abyss 1 time.
You also visited: Bailey, Gauntlet, Ice Cave and Volcano.

You collected 4038 gold pieces.
You spent 1106 gold pieces at shops.

Inventory:

Hand Weapons
 b - the +6 dire flail of Cuxkocrua {flame, Will+ Int+6}
   (You took it off a two-headed ogre on level 9 of the Dungeon)

   It burns those it strikes, dealing additional fire damage.
   Int:       It affects your intelligence (+6).
   Will:      It increases your willpower.
 h - the +10 shortbow "Arcanum" {flame, rC+ rCorr Str+2}
   (Okawaru gifted it to you on level 1 of the Lair of Beasts)

   Any ammunition fired from it burns those it strikes, dealing additional fire
   damage.
   Str:       It affects your strength (+2).
   rC:        It protects you from cold.
   rCorr:     It protects you from acid and corrosion.
 l - the +4 hand crossbow "Bih Onna" {vorpal, rCorr SInv}
   (Okawaru gifted it to you on level 6 of the Lair of Beasts)

   Any ammunition fired from it inflicts extra damage upon your enemies.
   SInv:      It lets you see invisible.
   rCorr:     It protects you from acid and corrosion.
 A - the +7 flail of the Orb {venom, Dex+6}
   (You found it on level 5 of the Lair of Beasts)

   It poisons the flesh of those it strikes.
   Dex:       It affects your dexterity (+6).
 E - a +9 broad axe of draining (weapon)
 H - the +7 rapier of Rotation {spect, rN+}
   (You found it on level 4 of the Lair of Beasts)

   When its wielder attacks, the weapon's spirit leaps out and strikes again.
   The spirit shares a part of any damage it takes with its wielder.
   rN:        It protects you from negative energy.
 U - the +4 lajatang of Overwhelming Force {vorpal, rF++ Str+5 Int-4}
   (You found it in a bailey)

   It inflicts extra damage upon your enemies.
   Str:       It affects your strength (+5).
   Int:       It affects your intelligence (-4).
   rF:        It greatly protects you from fire.
 W - the +7 flail "Hiet" {freeze, Contam rF+ Str+5}
   (You found it on level 10 of the Dungeon)

   It freezes those it strikes, dealing additional cold damage.
   It can also slow down cold-blooded creatures.
   Str:       It affects your strength (+5).
   rF:        It protects you from fire.
   Contam:    It causes magical contamination when unequipped.
 Z - the +3 morningstar of Hutsubla {holy, Will++}
   (You found it on level 1 of the Swamp)

   It has been blessed by the Shining One to cause great damage to the undead
   and demons.
   Will:      It greatly increases your willpower.
Missiles
 k - 7 javelins (quivered)
Armour
 a - a +2 pair of gloves of infusion (worn)
 c - the +0 pair of gloves of the Ecumenical Temple {Fly Int+4}
   (Okawaru gifted it to you on level 14 of the Dungeon)

   Int:       It affects your intelligence (+4).
   Fly:       It grants you flight.
 i - a +2 pair of boots of flying
 p - the +0 kite shield of the Hall of Blades (worn) {*Slow +Inv Regen+ Str+7}
   (Okawaru gifted it to you on level 13 of the Dungeon)

   Str:       It affects your strength (+7).
   +Inv:      It lets you turn invisible.
   Regen:     It increases your rate of health regeneration.
   *Slow:     It may slow you when you take damage.
 s - +0 swamp dragon scales
 t - a +4 kite shield of protection
 v - a +2 helmet of see invisible (worn)
 w - a scarf of repulsion (worn)
 R - a +0 troll leather armour (worn)
 V - a +1 pair of boots of stealth (worn)
Jewellery
 e - a +6 ring of intelligence
 o - a +6 ring of strength
 D - the ring "Myacs" {Ice Will+ Int+2}
   (You found it on level 2 of the Lair of Beasts)

   [ring of ice]

   It enhances your ice magic.
   Int:       It affects your intelligence (+2).
   rF:        It makes you vulnerable to fire.
   rC:        It protects you from cold.
   Will:      It increases your willpower.
 F - the ring of Fallacy {Will+ MP+9}
   (You took it off a rakshasa on level 2 of the Abyss)

   [ring of magical power]

   MP:        It affects your magic capacity (+9).
   Will:      It increases your willpower.
 I - the ring of Fucus (right hand) {Contam rC+ Int+2 Dex+5}
   (You found it in a Gauntlet)

   [ring of protection from cold]

   Int:       It affects your intelligence (+2).
   Dex:       It affects your dexterity (+5).
   rC:        It protects you from cold.
   Contam:    It causes magical contamination when unequipped.
 L - an amulet of faith (around neck)
 P - a +6 ring of strength (left hand)
 S - a +6 ring of dexterity
Wands
 r - a wand of digging (21)
 B - a wand of flame (9)
 M - a wand of acid (7)
 N - a wand of paralysis (12)
 T - a wand of iceblast (16)
Scrolls
 f - 5 scrolls of teleportation
 q - a scroll of brand weapon
 u - 4 scrolls of fear
 x - 3 scrolls of magic mapping
 O - 6 scrolls of immolation
 Q - 3 scrolls of silence
Potions
 g - 5 potions of haste
 m - 2 potions of cancellation
 n - 9 potions of ambrosia
 z - a potion of heal wounds
 C - 3 potions of magic
 G - 6 potions of might
 J - 2 potions of brilliance
 K - 3 potions of attraction {unknown}
 X - 2 potions of resistance {unknown}
 Y - 5 potions of mutation
Miscellaneous
 d - a phial of floods
 y - a condenser vane


   Skills:
 + Level 14.9 Fighting
 + Level 13.6 Short Blades
 + Level 13.6 Long Blades
 + Level 14.3 Axes
 + Level 13.6 Maces & Flails
 + Level 13.6 Polearms
 + Level 13.6 Staves
 + Level 13.6 Slings
 + Level 13.6 Bows
 + Level 13.6 Crossbows
 + Level 13.6 Throwing
 + Level 14.9 Armour
 + Level 13.6 Dodging
 + Level 16.0 Stealth
 + Level 14.9 Shields
 + Level 13.6 Unarmed Combat
 + Level 13.6 Spellcasting
 + Level 11.5 Conjurations
 + Level 11.5 Hexes
 + Level 11.5 Summonings
 + Level 11.5 Necromancy
 + Level 11.5 Translocations
 + Level 11.5 Transmutations
 + Level 11.5 Fire Magic
 + Level 11.5 Ice Magic
 + Level 11.5 Air Magic
 + Level 11.5 Earth Magic
 + Level 11.5 Poison Magic
 + Level 14.7 Invocations
 + Level 13.6 Evocations


You had 21 spell levels left.
You knew the following spells:

 Your Spells              Type           Power      Damage    Failure   Level
a - Blink                 Tloc           82%        N/A       1%          2
b - Teleport Other        Tloc           41%        N/A       1%          3
c - Confusing Touch       Hex            41%        N/A       1%          3
d - Manifold Assault      Tloc           41%        N/A       1%          5
e - Ignite Poison         Fire/Tmut/Pois 41%        N/A       1%          3
f - Silence               Hex/Air        20%        N/A       1%          5
g - Cause Fear            Hex            20%        N/A       1%          4

Your spell library contained the following spells:

 Spells                   Type           Power      Damage    Failure   Level
 Magic Dart               Conj           100%       1d8       1%          1
 Pain                     Necr           100%       1d9       1%          1
 Sandblast                Erth           82%        2d17      1%          1
 Slow                     Hex            100%       N/A       1%          1
 Corpse Rot               Necr/Air       82%        N/A       1%          2
 Passwall                 Tmut/Erth      34%        N/A       1%          2
 Searing Ray              Conj           82%        2d7       1%          2
 Conjure Flame            Conj/Fire      41%        6-21      1%          3
 Dazzling Flash           Conj/Hex       82%        N/A       1%          3
 Gell's Gravitas          Tloc           41%        N/A       1%          3
 Inner Flame              Hex/Fire       41%        N/A       1%          3
 Lesser Beckoning         Tloc           41%        N/A       1%          3
 Stone Arrow              Conj/Erth      82%        3d12      1%          3
 Vampiric Draining        Necr           41%        2d8       1%          3
 Dispel Undead            Necr           41%        3d16      1%          4
 Fulminant Prism          Conj/Hex       20%        3d13      1%          4
 Leda's Liquefaction      Hex/Erth       20%        N/A       1%          4
 Petrify                  Tmut/Erth      41%        N/A       1%          4
 Sticky Flame             Conj/Fire      41%        2d6       1%          4
 Agony                    Necr           41%        N/A       1%          5
 Excruciating Wounds      Necr           20%        N/A       1%          5
 Lee's Rapid Deconstruct  Erth           20%        3d13*     1%          5
 Metabolic Englaciation   Hex/Ice        20%        N/A       1%          5
 Dispersal                Tloc           20%        N/A       11%         6
 Statue Form              Tmut/Erth      27%        N/A       11%         6
 Orb of Destruction       Conj           20%        9d9       50%         7
 Discord                  Hex            20%        N/A       99%         8
 Summon Guardian Golem    Hex/Summ       Unusable   N/A       N/A         3
 Death Channel            Necr           Unusable   N/A       N/A         6
 Spellforged Servitor     Conj/Summ      Unusable   N/A       N/A         7

Dungeon Overview and Level Annotations

Branches:
Dungeon (15/15)            Temple (1/1) D:6            Lair (6/6) D:9
  Swamp (4/4) Lair:4       Spider (4/4) Lair:4        Slime (0/5) Lair:5
    Orc (2/2) D:11            Elf (0/3) Orc:2        Vaults (3/5) D:13
  Crypt (0/3) Vaults:2     Depths (0/4) D:15         Bailey (visited)
  IceCv (visited)         Volcano (visited)         Gauntlet (visited)

Altars:
Ashenzari
Cheibriados
Dithmenos
Elyvilon
Fedhas
Gozag
Hepliaklqana
Kikubaaqudgha
Makhleb
Nemelex Xobeh
Okawaru
Qazlal
Ru
Sif Muna
Trog
Uskayaw
Vehumet
Wu Jian
Xom
Yredelemnul
Zin
The Shining One
Beogh
Jiyva

Shops:
D:1 *   D:7 *   D:14 !   Orc:2 =*[(?   Vaults:3 (

Annotations:
Swamp:2 3 runed translucent doors, Imidiu's ghost, adept GrEE; SnakkuSnakku7's ghost, adept TeGl; Tiquasegg's ghost, adept MiBe; Ziutun's ghost, adept GnGl
Spider:1 Roxanne
Spider:3 1 runed translucent door, Asterion; bearlyready's ghost, adept DsVM
Spider:4 Arachne; Louise
Orc:2 2 transporters, porpoise's ghost, journeyman DECj
Vaults:2 Mara


Innate Abilities, Weirdness & Mutations

You have very sharp teeth.
Your uncanny sense of smell can sniff out nearby items.
Your experience applies equally to all skills.


Message History

Unknown command.
You closely miss the vault sentinel. Your bite misses the vault sentinel.
The vault sentinel is almost dead.
You slash the ironbound frostheart! You drain the ironbound frostheart.
You hit the war gargoyle but do no damage.
You block the war gargoyle's attack.
An ironbound frostheart comes into view.
The vault sentinel hits you with a +0 morningstar.
You slice the vault sentinel!!
You kill the vault sentinel!
Okawaru accepts your kill.
You barely miss the ironbound frostheart.
You barely miss the war gargoyle. You block the war gargoyle's attack.
You block the ironbound frostheart's attack.
The vault warden hits you from afar with a +2 glaive!!!
The war gargoyle launches metal splinters at you.
The spray of metal splinters hits you!!!
* * * LOW HITPOINT WARNING * * *
The vault warden activates a sealing rune.
A door slams shut!
The ironbound frostheart calls freezing cold from the walls.
The frost grips you!! You partially resist.
* * * LOW HITPOINT WARNING * * *
You are encased in ice.
You feel much better. You block the war gargoyle's attack.
The vault warden hits you with a +0 great mace.
* * * LOW HITPOINT WARNING * * *
The war gargoyle closely misses you. The ice encasing you melts away.
The war gargoyle closely misses you.
The vault warden hits you from afar with a +2 glaive!!
* * * LOW HITPOINT WARNING * * *
The war gargoyle launches metal splinters at you.
The spray of metal splinters is repelled.
You feel much better.
The vault warden hits you with a +0 great mace!!
* * * LOW HITPOINT WARNING * * *
The ironbound frostheart calls freezing cold from the walls.
The frost grips you!! You partially resist.
You die...

#.... ...# .. ##..#
#..## .. #...#
#...# .#.. #####..#
#..##..... #...'..#
#).+.....# '...#..#
#.[##..#..
#...#..##
##.pc.p...#
#####...#
#p9.##.....
.'.###..### ###@p##
.#..
##'###....####....#
..
.'..###..........##
.. ##..#
###......### .
###'#######+####
..............
..............
..............
..............


You could see 2 vault wardens, a yaktaur captain (wandering), 2 ironbound
frosthearts and a war gargoyle (unsilenced, catching breath).

Vanquished Creatures
  Saint Roka (Orc:2)
  Jorgrun (Orc:2)
  A tengu reaver (Vaults:3)
  Kirke (Lair:4)
  3 thorn hunters (Swamp:4)
  A sphinx (Vaults:3)
  A ghost moth (Spider:3)
  6 vault wardens
  A fenstrider witch (Swamp:1)
  2 orc warlords
  8 ironbound preservers
  A stone giant (D:15)
  A broodmother (Spider:1)
  A very ugly thing (Vaults:3)
  4 ironbound thunderhulks
  Nessos (Orc:2)
  Azrael (Orc:2)
  A minotaur (Gauntlet)
  3 dire elephants (Vaults:1)
  A red draconian (Volcano)
  4 eleionomae
  A spark wasp (Spider:3)
  2 entropy weavers
  8 bunyips
  An ettin (Vaults:1)
  Fannar (Lair:2)
  A great orb of eyes (Vaults:1)
  A shambling mangrove (Swamp:3)
  4 boulder beetles
  8 vault guards (D:13)
  2 ghost crabs
  8 yaktaur captains
  8 centaur warriors
  A jorogumo (Spider:3)
  A peacekeeper (Vaults:2)
  Erica (D:11)
  5 ironbound frosthearts
  4 alligators
  27 hydras
  2 rakshasas (Abyss:2)
  12 two-headed ogres
  2 catoblepae
  A death knight (D:15)
  2 ogre magi
  A deep troll shaman (Lair:6)
  11 death yaks
  5 tengu warriors
  A spriggan berserker (Swamp:2)
  An orc high priest (Orc:2)
  A thrashing horror (Abyss:2)
  A shadow wraith (Abyss:2)
  2 pharaoh ants
  A salamander mystic (Volcano)
  6 goliath frogs
  A death drake (Swamp:2)
  6 skeletal warriors
  3 steelbarb worms (Spider:3)
  21 deep trolls
  5 orb spiders
  5 spriggan druids
  4 wizards
  An obsidian statue (Volcano)
  A necromancer (Vaults:2)
  15 ironbound convokers
  9 swamp dragons
  4 harpies
  A phantasmal warrior (Vaults:1)
  3 bog bodies
  Pikel (D:6)
  7 wolf spiders
  14 orc knights
  8 lindwurms
  The ghost of Cancer the Destroyer, a novice GrCj of Vehumet (D:7)
  2 deep elf pyromancers
  3 orc sorcerers
  A human zombie (Vaults:2)
  18 ugly things
  A cyclops (D:14)
  5 large abominations (Abyss:2)
  The ghost of ragingrage the Summoner, a novice FeSu of Gozag (D:9)
  3 salamanders (Volcano)
  5 manticores
  4 will-o-the-wisps
  A moth of wrath (Gauntlet)
  Maurice (D:8)
  5 black mambas
  2 stone giant skeletons (Vaults:2)
  19 vault sentinels
  17 cane toads
  A smoke demon (Abyss:2)
  2 unseen horrors
  3 torpor snails
  A kobold demonologist (D:10)
  2 ice statues (IceCv)
  13 elephants (Lair:6)
  5 rime drakes
  20 yaktaurs
  13 komodo dragons
  A komodo dragon (shapeshifter) (D:14)
  The ghost of browni3141 the Jinx, a novice FeSu (D:8)
  2 tengu conjurers
  3 ice devils
  An efreet (D:15)
  A tormentor (Abyss:2)
  5 demonic crawlers
  A hellwing (Abyss:2)
  2 ancient zymes (Abyss:2)
  9 trolls
  A bloated husk (Swamp:3)
  6 polar bears
  7 tyrant leeches
  A queen bee (D:13)
  16 hornets
  15 meliai
  6 raiju (Abyss:2)
  19 tarantellas
  A hornet (shapeshifter) (D:14)
  Grinder (D:6)
  10 slime creatures
  9 dream sheep
  A tarantella (shapeshifter) (D:13)
  A meliai zombie (D:10)
  The ghost of dr0g0th the Covert, an amateur OpBr of Vehumet (D:4)
  4 blink frogs (Lair:1)
  14 spriggans
  A ynoxinul (Abyss:2)
  28 jumping spiders
  4 wraiths
  19 culicivoras
  A water elemental (D:15)
  A yak (shapeshifter) (D:14)
  2 vampires (D:11)
  5 wyverns
  Sigmund (D:6)
  36 yaks
  6 fire bats (Volcano)
  3 hogs (Lair:4)
  A human (shapeshifter) (D:15)
  4 basilisks
  2 fire elementals (Orc:2)
  16 vampire mosquitoes
  4 humans (Spider:1)
  A death yak simulacrum (IceCv)
  A steam dragon (D:8)
  2 chaos spawn
  16 swamp worms
  Menkaure (D:5)
  46 redbacks
  3 hell hounds (Orc:2)
  7 wargs
  An acid dragon (D:11)
  21 water moccasins
  Duvessa (D:5)
  A meliai simulacrum (D:15)
  2 ice beasts
  58 orc warriors
  6 black bears
  10 swamp drakes
  A necrophage (D:4)
  13 wolves
  11 ogres
  An elf simulacrum (Vaults:1)
  7 centaurs
  A phantom (D:5)
  3 kobold brigands
  20 bullfrogs
  5 small abominations (Abyss:2)
  A scorpion (D:5)
  2 gnoll sergeants
  A cane toad simulacrum (IceCv)
  A hornet simulacrum (D:15)
  Dowan (D:5)
  An elephant simulacrum (IceCv)
  29 killer bees
  An electric eel (Lair:5)
  A howler monkey (D:4)
  8 lava snakes
  A quasit (Abyss:2)
  5 centaur zombies
  An iron imp (Abyss:2)
  2 jellies
  2 centaur skeletons
  7 hounds
  32 orc priests
  A gnoll shaman (D:9)
  Crazy Yiuf (D:3)
  4 bullfrog skeletons
  Natasha (twice) (D:2)
  2 iguanas (D:7)
  Ijyb (D:3)
  Terence (D:2)
  31 orc wizards
  2 hell rats (Lair:6)
  A statue (D:7)
  A killer bee simulacrum (D:8)
  3 mummies (D:14)
  A spectral howler monkey (D:8)
  Robin (D:2)
  4 howler monkey zombies
  15 gnolls
  A howler monkey skeleton (D:4)
  2 river rats (Lair:6)
  10 adders
  3 shadow imps (D:4)
  4 white imps
  A howler monkey simulacrum (D:8)
  An ufetubus (Vaults:1)
  An adder skeleton (D:4)
  An adder zombie (D:5)
  3 worms (D:3)
  A dart slug (D:4)
  156 orcs
  5 endoplasms (D:2)
  A giant cockroach (D:1)
  23 goblins
  9 hobgoblins
  2 jackals (D:2)
  22 kobolds
  4 quokkas
  12 ball pythons
  3 bats
  4 rats (Lair:6)
  3 bushes
1386 creatures vanquished.

Vanquished Creatures (others)
  A goliath frog (Swamp:4)
  An ugly thing (IceCv)
  A komodo dragon (Lair:5)
  2 bloated husks
  A yak (Lair:5)
  4 briar patches (Swamp:4)
  A bush (Lair:6)
  6 demonic plants (Abyss:2)
  4 foxfires
  80 fungi
  134 plants
  4 withered plants
239 creatures vanquished.

Grand Total: 1625 creatures vanquished

Notes
Turn   | Place    | Note
-------+----------+-------------------------------------------
     0 | D:1      | karrick the Gnoll Fighter began the quest for the Orb.
     0 | D:1      | Reached XP level 1. HP: 23/23 MP: 1/1
    54 | D:1      | Found Seitho's Assorted Antiques.
   274 | D:1      | Reached XP level 2. HP: 29/29 MP: 2/2
   782 | D:2      | Found a faded altar of an unknown god.
   962 | D:2      | Reached XP level 3. HP: 26/35 MP: 3/3
  1066 | D:2      | Noticed Robin
  1092 | D:2      | Killed Robin
  1093 | D:2      | Reached skill level 1 in Invocations
  1418 | D:2      | Reached skill level 1 in Short Blades
  1418 | D:2      | Reached skill level 1 in Long Blades
  1418 | D:2      | Reached skill level 1 in Maces & Flails
  1418 | D:2      | Reached skill level 1 in Polearms
  1418 | D:2      | Reached skill level 1 in Staves
  1418 | D:2      | Reached skill level 1 in Slings
  1418 | D:2      | Reached skill level 1 in Bows
  1418 | D:2      | Reached skill level 1 in Crossbows
  1418 | D:2      | Reached skill level 1 in Throwing
  1418 | D:2      | Reached skill level 1 in Dodging
  1418 | D:2      | Reached skill level 1 in Stealth
  1418 | D:2      | Reached skill level 1 in Unarmed Combat
  1418 | D:2      | Reached skill level 1 in Spellcasting
  1418 | D:2      | Reached skill level 1 in Evocations
  1543 | D:2      | Noticed Terence
  1552 | D:2      | Killed Terence
  1553 | D:2      | Reached XP level 4. HP: 31/41 MP: 5/5
  1723 | D:2      | Reached skill level 1 in Conjurations
  1723 | D:2      | Reached skill level 1 in Hexes
  1723 | D:2      | Reached skill level 1 in Summonings
  1723 | D:2      | Reached skill level 1 in Necromancy
  1723 | D:2      | Reached skill level 1 in Translocations
  1723 | D:2      | Reached skill level 1 in Transmutations
  1723 | D:2      | Reached skill level 1 in Fire Magic
  1723 | D:2      | Reached skill level 1 in Ice Magic
  1723 | D:2      | Reached skill level 1 in Air Magic
  1723 | D:2      | Reached skill level 1 in Earth Magic
  1723 | D:2      | Reached skill level 1 in Poison Magic
  1802 | D:2      | Reached XP level 5. HP: 38/47 MP: 6/6
  1915 | D:2      | Noticed Natasha
  1927 | D:2      | Killed Natasha
  2219 | D:3      | Noticed Ijyb
  2248 | D:3      | Killed Ijyb
  2449 | D:2      | Noticed Natasha
  2465 | D:2      | Killed Natasha
  2466 | D:2      | Reached XP level 6. HP: 6/53 MP: 8/8
  2906 | D:3      | Reached skill level 5 in Axes
  3022 | D:3      | Found a glowing silver altar of Zin.
  3031 | D:3      | Reached skill level 2 in Stealth
  3310 | D:3      | Found a runed translucent door.
  3311 | D:3      | Noticed Crazy Yiuf
  3546 | D:3      | Killed Crazy Yiuf
  3583 | D:4      | Noticed a necrophage
  3588 | D:4      | Killed a necrophage
  3590 | D:4      | Reached XP level 7. HP: 59/59 MP: 10/10
  3811 | D:4      | Found a transporter.
  3833 | D:4      | Found a transporter.
  3960 | D:4      | Found a runed translucent door.
  3961 | D:4      | Noticed dr0g0th's ghost (amateur OpBr)
  4068 | D:5      | Entered Level 5 of the Dungeon
  4089 | D:5      | Reached XP level 8. HP: 67/67 MP: 12/12
  4197 | D:5      | Noticed Dowan
  4198 | D:5      | Noticed Duvessa
  4213 | D:5      | Killed Duvessa
  4214 | D:5      | Reached skill level 3 in Stealth
  4227 | D:5      | Killed Dowan
  4451 | D:5      | Noticed Menkaure
  4461 | D:5      | Killed Menkaure
  4743 | D:6      | Noticed Sigmund
  4754 | D:6      | Found a stormy altar of Qazlal.
  4850 | D:7      | Found a runed translucent gate.
  4852 | D:7      | Found a runed translucent gate.
  4853 | D:7      | Found a runed translucent gate.
  4857 | D:7      | Noticed Cancer's ghost (novice GrCj)
  5253 | D:7      | Reached XP level 9. HP: 63/72 MP: 14/14
  5402 | D:7      | Found a radiant altar of Vehumet.
  5524 | D:7      | Found Paux's Assorted Antiques.
  5531 | D:7      | Bought a glowing broad axe for 168 gold pieces
  5655 | D:8      | Found a burning altar of Makhleb.
  5656 | D:8      | Found a hazy altar of Hepliaklqana.
  5656 | D:8      | Found a broken altar of Ashenzari.
  5756 | D:8      | Reached skill level 4 in Stealth
  5792 | D:8      | Noticed a hornet
  5793 | D:8      | Learned a level 2 spell: Blink
  5797 | D:8      | Learned a level 3 spell: Teleport Other
  5832 | D:6      | Killed Sigmund
  5879 | D:6      | Noticed Grinder
  5885 | D:6      | Paralysed by Grinder for 7 turns
  5895 | D:6      | Killed Grinder
  5943 | D:6      | Found a staircase to the Ecumenical Temple.
  5948 | Temple   | Entered the Ecumenical Temple
  6117 | Temple   | Became a worshipper of Warmaster Okawaru
  6252 | D:6      | Reached skill level 5 in Invocations
  6311 | D:6      | Noticed Pikel
  6322 | D:6      | Killed Pikel
  6322 | D:6      | Reached * piety under Okawaru
  6323 | D:6      | Reached XP level 10. HP: 39/80 MP: 15/17
  6800 | D:4      | Killed dr0g0th's ghost
  6969 | D:8      | Reached skill level 5 in Short Blades
  6969 | D:8      | Reached skill level 5 in Long Blades
  6969 | D:8      | Reached skill level 5 in Maces & Flails
  6969 | D:8      | Reached skill level 5 in Polearms
  6969 | D:8      | Reached skill level 5 in Staves
  6969 | D:8      | Reached skill level 5 in Slings
  6969 | D:8      | Reached skill level 5 in Bows
  6969 | D:8      | Reached skill level 5 in Crossbows
  6969 | D:8      | Reached skill level 5 in Throwing
  6969 | D:8      | Reached skill level 5 in Dodging
  6969 | D:8      | Reached skill level 5 in Stealth
  6969 | D:8      | Reached skill level 5 in Unarmed Combat
  6969 | D:8      | Reached skill level 5 in Spellcasting
  6969 | D:8      | Reached skill level 5 in Evocations
  7181 | D:8      | Noticed Maurice
  7197 | D:8      | Killed Maurice
  7197 | D:8      | Reached ** piety under Okawaru
  7447 | D:8      | Found a runed translucent gate.
  7447 | D:8      | Found a runed translucent gate.
  7448 | D:8      | Found a runed translucent gate.
  7454 | D:8      | Noticed browni3141's ghost (novice FeSu)
  7798 | D:9      | Noticed ragingrage's ghost (novice FeSu)
  7798 | D:9      | Noticed a two-headed ogre
  7798 | D:9      | Identified the +10 giant club "Fonytus" {venom, Contam Fly
                  | rN+}
  7798 | D:9      | Identified the +6 dire flail of Cuxkocrua {flame, Will+
                  | Int+6}
  7798 | D:9      | Noticed a two-headed ogre
  7800 | D:9      | Noticed a two-headed ogre
  7801 | D:9      | Noticed a two-headed ogre
  7815 | D:9      | Noticed a two-headed ogre
  7892 | D:9      | Found a transporter.
  7949 | D:9      | Found a transporter.
  7991 | D:8      | Reached *** piety under Okawaru
  8097 | D:9      | Noticed a two-headed ogre
  8179 | D:8      | Received a gift from Okawaru
  8180 | D:8      | Reached XP level 11. HP: 71/87 MP: 19/19
  8235 | D:9      | Found a staircase to the Lair.
  8274 | D:9      | Reached skill level 6 in Stealth
  8331 | D:9      | Killed a two-headed ogre
  8331 | D:9      | Reached **** piety under Okawaru
  8332 | D:9      | Reached skill level 5 in Conjurations
  8332 | D:9      | Reached skill level 5 in Hexes
  8332 | D:9      | Reached skill level 5 in Summonings
  8332 | D:9      | Reached skill level 5 in Necromancy
  8332 | D:9      | Reached skill level 5 in Translocations
  8332 | D:9      | Reached skill level 5 in Transmutations
  8332 | D:9      | Reached skill level 5 in Fire Magic
  8332 | D:9      | Reached skill level 5 in Ice Magic
  8332 | D:9      | Reached skill level 5 in Air Magic
  8332 | D:9      | Reached skill level 5 in Earth Magic
  8332 | D:9      | Reached skill level 5 in Poison Magic
  8491 | D:10     | Entered Level 10 of the Dungeon
  8535 | D:10     | Found a flagged portal.
  8557 | D:10     | Received a gift from Okawaru
  8590 | Bailey   | Entered a bailey
  8656 | Bailey   | Received a gift from Okawaru
  8665 | Bailey   | Noticed an orc knight
  8682 | Bailey   | Killed an orc knight
  8750 | Bailey   | Found a large runed translucent door.
  8750 | Bailey   | Found a large runed translucent door.
  8751 | Bailey   | Noticed a deep elf pyromancer
  8801 | Bailey   | Killed a deep elf pyromancer
  8822 | Bailey   | Identified the +4 lajatang of Overwhelming Force {vorpal,
                  | rF++ Str+5 Int-4}
  8899 | D:10     | Learned a level 3 spell: Confusing Touch
  9015 | D:10     | Received a gift from Okawaru
  9052 | D:10     | Identified the +7 flail "Hiet" {freeze, Contam rF+ Str+5}
  9597 | D:11     | Noticed Erica
  9599 | D:11     | Noticed a seven-headed hydra
  9662 | D:11     | Reached ***** piety under Okawaru
  9672 | D:11     | Noticed a two-headed ogre
  9681 | D:11     | Noticed a manticore
  9698 | D:11     | Killed a manticore
  9698 | D:11     | Received a gift from Okawaru
  9706 | D:11     | Killed a two-headed ogre
  9716 | D:11     | Reached XP level 12. HP: 80/96 MP: 22/22
  9827 | D:11     | Noticed a five-headed hydra
  9852 | D:11     | Found a gate leading to a gauntlet.
  9861 | Gauntlet | Entered a Gauntlet
  9861 | Gauntlet | Noticed a catoblepas
  9861 | Gauntlet | Found a large runed translucent door.
  9861 | Gauntlet | Found a large runed translucent door.
  9861 | Gauntlet | Found a large runed translucent door.
  9861 | Gauntlet | Found a large runed translucent door.
  9861 | Gauntlet | Found a runed translucent door.
  9861 | Gauntlet | Found a large runed translucent door.
  9861 | Gauntlet | Found a large runed translucent door.
  9861 | Gauntlet | Found a transporter.
  9861 | Gauntlet | Found a transporter.
  9861 | Gauntlet | Found a large runed translucent door.
  9861 | Gauntlet | Found a large runed translucent door.
  9861 | Gauntlet | Found a runed translucent gate.
  9861 | Gauntlet | Found a runed translucent gate.
  9861 | Gauntlet | Found a transporter.
  9862 | Gauntlet | Found a runed translucent door.
  9862 | Gauntlet | Found a runed translucent gate.
  9864 | Gauntlet | Found a large runed translucent door.
  9864 | Gauntlet | Found a large runed translucent door.
  9864 | Gauntlet | Found a large runed translucent door.
  9864 | Gauntlet | Found a large runed translucent door.
  9865 | Gauntlet | Found a large runed translucent door.
  9865 | Gauntlet | Found a large runed translucent door.
  9873 | Gauntlet | Found a transporter.
  9881 | Gauntlet | Found a large runed translucent door.
  9885 | Gauntlet | Found a transporter.
  9885 | Gauntlet | Found a transporter.
  9886 | Gauntlet | Found a transporter.
  9886 | Gauntlet | Found a transporter.
  9890 | Gauntlet | Found a transporter.
  9890 | Gauntlet | Found a transporter.
  9938 | Gauntlet | Found a transporter.
  9943 | Gauntlet | Found a transporter.
 10013 | Gauntlet | Found a large runed translucent door.
 10124 | Gauntlet | Identified the ring of Fucus {Contam rC+ Int+2 Dex+5}
 10135 | Gauntlet | Received a gift from Okawaru
 10179 | Gauntlet | Reached skill level 7 in Stealth
 10299 | Gauntlet | Noticed a minotaur
 10317 | Gauntlet | Killed a minotaur
 10399 | D:11     | Found a staircase to the Orcish Mines.
 10565 | D:12     | Noticed a two-headed ogre
 10574 | D:12     | Killed a two-headed ogre
 10800 | D:12     | Reached skill level 10 in Fighting
 10800 | D:12     | Reached skill level 10 in Armour
 10800 | D:12     | Reached skill level 10 in Shields
 11106 | D:12     | Noticed a centaur warrior
 11116 | D:12     | Killed a centaur warrior
 11163 | D:12     | Noticed a two-headed ogre
 11173 | D:12     | Killed a two-headed ogre
 11270 | D:13     | Noticed a two-headed ogre
 11273 | D:13     | Noticed a centaur warrior
 11285 | D:13     | Killed a centaur warrior
 11308 | D:13     | Killed a two-headed ogre
 11359 | D:13     | Found a frozen archway.
 11392 | IceCv    | Entered an ice cave
 11406 | IceCv    | Received a gift from Okawaru
 11407 | IceCv    | Reached XP level 13. HP: 87/103 MP: 10/24
 11441 | IceCv    | Found a transporter.
 11465 | IceCv    | Found a transporter.
 11675 | D:13     | Learned a level 5 spell: Manifold Assault
 11779 | D:13     | Reached skill level 8 in Stealth
 11805 | D:13     | Received a gift from Okawaru
 12564 | D:13     | Noticed a vault guard
 12564 | D:13     | Noticed a vault guard
 12564 | D:13     | Noticed a vault guard
 12595 | D:14     | Found Igosunud's Distillery.
 12880 | D:14     | Reached ****** piety under Okawaru
 12880 | D:14     | Received a gift from Okawaru
 13229 | D:14     | Identified the +0 pair of gloves of the Ecumenical Temple
                  | {Fly Int+4} (Okawaru gifted it to you on level 14 of the
                  | Dungeon)
 13229 | D:14     | Received a gift from Okawaru
 13452 | D:14     | Noticed a reaper
 13452 | D:14     | Noticed a reaper
 13452 | D:14     | Noticed a reaper
 13452 | D:14     | Noticed a reaper
 13452 | D:14     | Noticed a reaper
 13709 | D:13     | Noticed a vault guard
 13709 | D:13     | Noticed a vault guard
 13822 | D:11     | Killed Erica
 13885 | D:11     | Identified the +0 scale mail of Edotoeph {Int+2 Dex+2}
 14133 | D:11     | Reached skill level 10 in Axes
 14133 | D:11     | Reached XP level 14. HP: 57/113 MP: 19/26
 14516 | D:8      | Killed browni3141's ghost
 14636 | D:7      | Killed Cancer's ghost
 15067 | D:7      | Bought a fuming puce potion for 21 gold pieces
 15067 | D:7      | Bought a glowing ruby potion for 21 gold pieces
 15480 | D:1      | Bought a ruby ring for 120 gold pieces
 15480 | D:1      | Bought a scroll of teleportation for 72 gold pieces
 15480 | D:1      | Bought a scroll of identify for 48 gold pieces
 15623 | Lair:1   | Entered Level 1 of the Lair of Beasts
 15711 | Lair:1   | Found a dark tunnel.
 15716 | Volcano  | Entered a volcano
 15795 | Volcano  | Reached skill level 9 in Stealth
 15810 | Volcano  | Noticed a red draconian
 15927 | Volcano  | Found a bloodstained altar of Trog.
 16019 | Volcano  | Killed a red draconian
 16352 | Lair:1   | Reached skill level 10 in Invocations
 16535 | Lair:1   | Identified the +10 shortbow "Arcanum" {flame, rC+ rCorr
                  | Str+2} (Okawaru gifted it to you on level 1 of the Lair of
                  | Beasts)
 16535 | Lair:1   | Received a gift from Okawaru
 17541 | Lair:2   | Received a gift from Okawaru
 17944 | Lair:2   | Noticed Fannar
 17970 | Lair:2   | Killed Fannar
 18590 | Lair:2   | Found a runed translucent door.
 19634 | Lair:4   | Found a hole to the Spider Nest.
 19698 | Lair:4   | Found a staircase to the Swamp.
 19713 | Lair:4   | Reached XP level 15. HP: 120/120 MP: 25/28
 19787 | Lair:4   | Received a gift from Okawaru
 20505 | Lair:4   | Received a gift from Okawaru
 20684 | Lair:4   | Identified the +7 rapier of Rotation {spect, rN+}
 20871 | Lair:5   | Reached skill level 10 in Short Blades
 20871 | Lair:5   | Reached skill level 10 in Long Blades
 20871 | Lair:5   | Reached skill level 10 in Maces & Flails
 20871 | Lair:5   | Reached skill level 10 in Polearms
 20871 | Lair:5   | Reached skill level 10 in Staves
 20871 | Lair:5   | Reached skill level 10 in Slings
 20871 | Lair:5   | Reached skill level 10 in Bows
 20871 | Lair:5   | Reached skill level 10 in Crossbows
 20871 | Lair:5   | Reached skill level 10 in Throwing
 20871 | Lair:5   | Reached skill level 10 in Dodging
 20871 | Lair:5   | Reached skill level 10 in Stealth
 20871 | Lair:5   | Reached skill level 10 in Unarmed Combat
 20871 | Lair:5   | Reached skill level 10 in Spellcasting
 20871 | Lair:5   | Reached skill level 10 in Evocations
 21318 | Lair:5   | Identified the +7 flail of the Orb {venom, Dex+6}
 21407 | Lair:5   | Found a viscous altar of Jiyva.
 21407 | Lair:5   | Found a staircase to the Slime Pits.
 21548 | Lair:6   | Entered Level 6 of the Lair of Beasts
 21857 | Lair:6   | Learned a level 3 spell: Ignite Poison
 23201 | Lair:6   | Received a gift from Okawaru
 23300 | Lair:6   | Identified the +4 hand crossbow "Bih Onna" {vorpal, rCorr
                  | SInv} (Okawaru gifted it to you on level 6 of the Lair of
                  | Beasts)
 23300 | Lair:6   | Received a gift from Okawaru
 23606 | Lair:2   | Found a runed translucent gate.
 23608 | Lair:2   | Found a runed translucent gate.
 23609 | Lair:2   | Found a runed translucent gate.
 23609 | Lair:2   | Found a runed translucent gate.
 23609 | Lair:2   | Found a runed translucent gate.
 23610 | Lair:2   | Found a runed translucent gate.
 23655 | Lair:2   | Identified the ring "Myacs" {Ice Will+ Int+2}
 23802 | D:9      | Reached XP level 16. HP: 128/128 MP: 11/30
 23826 | D:9      | Killed ragingrage's ghost
 23940 | Orc:1    | Entered Level 1 of the Orcish Mines
 24237 | Orc:2    | Entered Level 2 of the Orcish Mines
 24343 | Orc:2    | Found a staircase to the Elven Halls.
 24353 | Orc:2    | Noticed Nessos
 24383 | Orc:2    | Killed Nessos
 24524 | Orc:2    | Found a bloodstained altar of Trog.
 24524 | Orc:2    | Noticed porpoise's ghost (journeyman DECj)
 24543 | Orc:2    | Found a transporter.
 24553 | Orc:2    | Noticed Saint Roka
 24565 | Orc:2    | Found a transporter.
 24676 | D:12     | Received a gift from Okawaru
 24721 | D:13     | Found a gate to the Vaults.
 24753 | D:13     | Reached skill level 11 in Stealth
 24756 | D:13     | Identified the +0 kite shield of the Hall of Blades {*Slow
                  | +Inv Regen+ Str+7} (Okawaru gifted it to you on level 13 of
                  | the Dungeon)
 24756 | D:13     | Received a gift from Okawaru
 25068 | D:15     | Entered Level 15 of the Dungeon
 25491 | D:15     | Found a shimmering blue altar of Sif Muna.
 25548 | D:15     | Found a staircase to the Depths.
 26403 | Orc:2    | Found Gicov's Antique Armour Shop.
 26411 | Orc:2    | Found Xuliwid's Antique Weapon Boutique.
 26443 | Orc:2    | Bought a pair of encrusted gloves for 294 gold pieces
 26443 | Orc:2    | Identified the +1 pair of gloves of the Dungeon {Int+3
                  | Dex-4 SInv} (You bought it in a shop on level 2 of the
                  | Orcish Mines)
 26605 | Orc:2    | Killed Saint Roka
 26670 | Orc:2    | Reached skill level 12 in Stealth
 26735 | Orc:2    | Noticed Azrael
 26741 | Orc:2    | Found Zutich's Magic Scroll Shoppe.
 26741 | Orc:2    | Noticed Jorgrun
 26901 | Orc:2    | Found Niomn's Assorted Antiques.
 26914 | Orc:2    | Bought a scroll labelled ITUUHUPIBB for 19 gold pieces
 26914 | Orc:2    | Bought a jewelled leather armour for 133 gold pieces
 26914 | Orc:2    | Identified the +1 leather armour "Bitzoih" {Str+6} (You
                  | bought it in a shop on level 2 of the Orcish Mines)
 26972 | Orc:2    | Killed Jorgrun
 27011 | Orc:2    | Killed Azrael
 27011 | Orc:2    | Received a gift from Okawaru
 27083 | Orc:2    | Found Vued's Jewellery Shoppe.
 27139 | Orc:2    | Bought a scroll of enchant armour for 105 gold pieces
 27139 | Orc:2    | Bought a scroll of enchant weapon for 105 gold pieces
 27538 | Spider:1 | Entered Level 1 of the Spider Nest
 27554 | Spider:1 | Reached XP level 17. HP: 133/136 MP: 32/32
 27785 | Spider:1 | Noticed Kirke
 27935 | Lair:4   | Killed Kirke
 27935 | Lair:4   | Received a gift from Okawaru
 28418 | Spider:1 | Received a gift from Okawaru
 28590 | Spider:1 | Received a gift from Okawaru
 28674 | Spider:1 | Identified Roxanne's Tome of the Rocks
 28674 | Spider:1 | Noticed Roxanne
 28971 | Spider:2 | You fall into a shaft and drop 1 floor!
 29267 | Spider:3 | Received a gift from Okawaru
 29493 | Spider:3 | Received a gift from Okawaru
 29624 | Spider:3 | Reached skill level 13 in Stealth
 29624 | Spider:3 | Reached skill level 10 in Conjurations
 29624 | Spider:3 | Reached skill level 10 in Hexes
 29624 | Spider:3 | Reached skill level 10 in Summonings
 29624 | Spider:3 | Reached skill level 10 in Necromancy
 29624 | Spider:3 | Reached skill level 10 in Translocations
 29624 | Spider:3 | Reached skill level 10 in Transmutations
 29624 | Spider:3 | Reached skill level 10 in Fire Magic
 29624 | Spider:3 | Reached skill level 10 in Ice Magic
 29624 | Spider:3 | Reached skill level 10 in Air Magic
 29624 | Spider:3 | Reached skill level 10 in Earth Magic
 29624 | Spider:3 | Reached skill level 10 in Poison Magic
 29655 | Spider:3 | Paralysed by a jorogumo for 2 turns
 30143 | Spider:3 | Noticed Asterion
 30155 | Spider:4 | Entered Level 4 of the Spider Nest
 30159 | Spider:4 | Noticed Arachne
 30160 | Spider:4 | Noticed Louise
 30195 | Spider:3 | Found a runed translucent door.
 30195 | Spider:3 | Noticed bearlyready's ghost (adept DsVM)
 30678 | Swamp:1  | Entered Level 1 of the Swamp
 31073 | Swamp:1  | Identified the +3 morningstar of Hutsubla {holy, Will++}
 31189 | Swamp:1  | You are sucked into a shaft and drop 1 floor!
 31747 | Swamp:2  | Found a runed translucent gate.
 31748 | Swamp:2  | Found a runed translucent gate.
 31749 | Swamp:2  | Found a runed translucent gate.
 31749 | Swamp:2  | Noticed Ziutun's ghost (adept GnGl)
 31756 | Swamp:2  | Reached XP level 18. HP: 144/144 MP: 32/34
 31758 | Swamp:2  | Noticed SnakkuSnakku7's ghost (adept TeGl)
 31764 | Swamp:2  | Noticed Imidiu's ghost (adept GrEE)
 31780 | Swamp:2  | Noticed Tiquasegg's ghost (adept MiBe)
 31984 | Swamp:2  | Identified the +0 chain mail of Snakes and Ladders {Drain
                  | rC+ Int+3 Dex+5} (Okawaru gifted it to you on level 2 of
                  | the Swamp)
 31984 | Swamp:2  | Received a gift from Okawaru
 33202 | Swamp:4  | Entered Level 4 of the Swamp
 33419 | Swamp:4  | Reached skill level 14 in Stealth
 33639 | Swamp:4  | Received a gift from Okawaru
 33741 | Swamp:4  | Identified the +9 quarterstaff of Pariocv Paill {vorpal,
                  | MP-9 Int+2 Dex+6} (Okawaru gifted it to you on level 4 of
                  | the Swamp)
 33741 | Swamp:4  | Received a gift from Okawaru
 34112 | Swamp:4  | Got a decaying rune of Zot
 34520 | Swamp:1  | Paralysed by a fenstrider witch for 6 turns
 34528 | Swamp:1  | Received a gift from Okawaru
 34716 | Vaults:1 | Entered Level 1 of the Vaults
 35074 | Vaults:1 | Reached XP level 19. HP: 89/152 MP: 20/35
 35336 | Vaults:1 | Identified the +1 chain mail of Zeopeg {*Corrode Fly rElec
                  | rPois}
 35956 | Vaults:1 | Cast into level 2 of the Abyss (a wizard)
 36016 | Abyss:2  | Identified the ring of Fallacy {Will+ MP+9}
 36024 | Abyss:2  | Reached skill level 15 in Stealth
 36221 | Abyss:2  | Received a gift from Okawaru
 36448 | Vaults:1 | Escaped the Abyss
 37118 | Vaults:1 | Received a gift from Okawaru
 37511 | Vaults:1 | Received a gift from Okawaru
 38181 | Vaults:2 | Found a staircase to the Crypt.
 38449 | Vaults:2 | Identified the +9 short sword "Waclesch" {flame, rN+
                  | Will++} (Okawaru gifted it to you on level 2 of the Vaults)
 38449 | Vaults:2 | Received a gift from Okawaru
 38856 | Vaults:2 | Noticed Mara
 39103 | Vaults:2 | Received a gift from Okawaru
 39145 | Vaults:2 | Reached XP level 20. HP: 118/161 MP: 18/37
 39724 | Vaults:3 | Found Vyfel's Antique Weapon Shop.
 39740 | Vaults:3 | Reached skill level 16 in Stealth
 39993 | Vaults:3 | Learned a level 5 spell: Silence
 39998 | Vaults:3 | Learned a level 4 spell: Cause Fear
 40080 | Vaults:3 | Received a gift from Okawaru
 40080 | Vaults:3 | Found the +4 skin of Zhor {*Englaciate rC+++ SInv}
 40088 | Vaults:3 | HP: 7/151 [vault warden (28)]
 40088 | Vaults:3 | Killed from afar by an ironbound frostheart

Illustrated notes

Levels and vault maps discovered:
D:1:      dpeg_arrival_connections, layout_loops_corners, serial_shops,
          nicolae_shop_overgrown_old_shop
D:2:      layout_basic, ebering_ecumenical_altar_sacrificial,
          minmay_snake_closets, uniq_natasha, uniq_terence, uniq_robin
D:3:      kennysheep_the_goblin_king, layout_basic, mainiacjoe_overflow_catwalk,
          uniq_crazy_yiuf_cottage, uniq_ijyb
D:4:      gammafunk_wand_slinger, layout_basic, gammafunk_ghost_grave
D:5:      layout_rooms, uniq_duvessa, uniq_menkaure
D:6:      layout_loops_ring, grunt_qazlal_clouds, temple_statues, uniq_grinder,
          uniq_sigmund, uniq_pikel
D:7:      layout_loops_corners, vehumet_statue, gammafunk_ghost_split,
          serial_shops, nicolae_shop_overgrown_old_shop,
          amcnicky_mini_corridor_feature
D:8:      layout_loops_ring, chequers_temple_overflow_statue_of_worship,
          special_room [special_room_orc], gammafunk_ghost_necromancy,
          kennysheep_generic_room_14, uniq_maurice
D:9:      layout_rooms, due_lair_maze_entry_diamond, gammafunk_ghost_smash
D:10:     layout_loops_cross, enter_bailey_5, minivault_27
D:11:     layout_big_octagon, hiddenorc2_lemuel, gauntlet_entry_generic,
          minmay_misc_feat_diagonals, minmay_starry_boxes, uniq_erica
D:12:     layout_irregular_city, roderic_lattice_a
D:13:     nicolae_BIG_FREAKIN_CUBE, layout_loops_ring, erik_vaults_2,
          portal_ice_cave_demonic_guard, special_room [special_room_bee]
D:14:     layout_loops_ring, serial_shops, shop, minmay_guarded_unrand_curses
D:15:     grunt_enter_depths_snipers, layout_rooms, special_room
          [special_room_orc], nrook_pool_corridor, minmay_misc_feat_roman,
          st_stairs_6, tgw_sif
Temple:   nicolae_temple_elliptical
Lair:1:   layout_loops_ring, enter_volcano_4, serial_bayou_crossing
Lair:2:   gammafunk_indiana_jones, layout_gridlike, nzn_random_ring, uniq_fannar
Lair:3:   layout_regular_city, lemuel_fruit_tree
Lair:4:   cheibrodos_lair_overgrown_chateau, layout_loops_ring,
          skrybe_swamp_entry_bodies, dummy_spider_entry
Lair:5:   layout_concentric_octagons, dpeg_slime_entry_enclosed_altar,
          serial_bayou_shore_a, grunt_megastairs_3
Lair:6:   grunt_lair_end_beastmaster, layout_loops_ring, minmay_hedge_maze,
          kennysheep_abandoned_house
Swamp:1:  layout_basic_swamp, evilmike_swamp_ruin_house_6, swamp_pool2
Swamp:2:  layout_basic_swamp, gammafunk_ghost_cemetery,
          nicolae_swamp_little_tower
Swamp:3:  layout_basic_swamp, evilmike_swamp_ruin_rubble_2
Swamp:4:  swamp, layout_basic_swamp, swamp_pool1, nicolae_swamp_bunyip_nook,
          infiniplex_staircase_pool_2
Spider:1: layout_spider_delve, guppyfry_spider_mini_1, uniq_roxanne, uniq_kirke
Spider:2: layout_spider_delve
Spider:3: layout_spider_delve, ebering_ghost_reflecting_pool, uniq_asterion
Spider:4: spider_rune_water, uniq_louise, uniq_arachne
Orc:1:    layout_diamond_mine
Orc:2:    grunt_orc_community_town_hall, layout_diamond_mine,
          grunt_orc_community_big_house_2, grunt_orc_community_big_house_1,
          grunt_orc_community_house_3, grunt_orc_community_house_3,
          grunt_orc_community_house_3, grunt_orc_community_house_3,
          grunt_orc_community_house_2, grunt_orc_community_house_2,
          gammafunk_ghost_wrathful_warriors, serial_shops,
          nicolae_shop_advertising_works [nicolae_subvault_shop_adworks],
          uniq_nessos, uniq_jorgrun, uniq_saint_roka, uniq_azrael
Vaults:1: grunt_vaults_funneled_arena, v_alt_pattern_6,
          nicolae_vaults_what_the_h, hangedman_vaults_stitches,
          nicolae_vaults_circle_grid_b, ontoclasm_vaults_claustrophobia,
          hangedman_vaults_restitches, serial_ice_h,
          nicolae_vaults_little_squares_4, vaults_room_pool, v_misc_29,
          v_misc_13, nicolae_vaults_border_crossing, ontoclasm_vaults_pinch,
          layout_vaults_maze
Vaults:2: v_misc_2, nicolae_vaults_puzzle_piece, ontoclasm_vaults_bender,
          hangedman_vaults_corner_blocks, st_diamondy, vaults_dpeg_hooks,
          v_misc_26, vaults_room_grunt_arrival_ludios,
          ontoclasm_vaults_decontamination, vaults_room_pool,
          grunt_vaults_hallway_long, layout_vaults_omnicross, uniq_mara
Vaults:3: hangedman_vaults_capsules, v_alt_pattern_2,
          ontoclasm_vaults_loading_screen, vaults_room_fancy_cross, v_misc_10,
          vaults_standard_mumra_enter_the_diamond,
          nicolae_vaults_an_arrangement, ontoclasm_vaults_ring_large, v_misc_11,
          vaults_dpeg_doors, nicolae_vaults_little_squares_6,
          nicolae_vaults_yaktaur_gun_rack, vaults_dpeg_ring, layout_vaults_ring,
          serial_shops, nicolae_shop_stone

Skill      XL: |  1  2  3  4  5  6  7  8  9 10 11 12 13 14 15 16 17 18 19 20 |
---------------+-------------------------------------------------------------+-----
Invocations    | 1 2 3 4 5 6 7 8 9 10 11 12 13 14 | 14.7
Short Blades   | 1 2 3 4 5 6 7 8 9 10 11 12 13 | 13.6
Long Blades    | 1 2 3 4 5 6 7 8 9 10 11 12 13 | 13.6
Maces & Flails | 1 2 3 4 5 6 7 8 9 10 11 12 13 | 13.6
Polearms       | 1 2 3 4 5 6 7 8 9 10 11 12 13 | 13.6
Staves         | 1 2 3 4 5 6 7 8 9 10 11 12 13 | 13.6
Slings         | 1 2 3 4 5 6 7 8 9 10 11 12 13 | 13.6
Bows           | 1 2 3 4 5 6 7 8 9 10 11 12 13 | 13.6
Crossbows      | 1 2 3 4 5 6 7 8 9 10 11 12 13 | 13.6
Throwing       | 1 2 3 4 5 6 7 8 9 10 11 12 13 | 13.6
Dodging        | 1 2 3 4 5 6 7 8 9 10 11 12 13 | 13.6
Stealth        | 1 2 3 4 5 6 7 8 9 10 12 13 14 15 16 | 16.0
Unarmed Combat | 1 2 3 4 5 6 7 8 9 10 11 12 13 | 13.6
Spellcasting   | 1 2 3 4 5 6 7 8 9 10 11 12 13 | 13.6
Evocations     | 1 2 3 4 5 6 7 8 9 10 11 12 13 | 13.6
Conjurations   | 1 2 3 4 5 6 7 8 9 10 11 | 11.5
Hexes          | 1 2 3 4 5 6 7 8 9 10 11 | 11.5
Summonings     | 1 2 3 4 5 6 7 8 9 10 11 | 11.5
Necromancy     | 1 2 3 4 5 6 7 8 9 10 11 | 11.5
Translocations | 1 2 3 4 5 6 7 8 9 10 11 | 11.5
Transmutations | 1 2 3 4 5 6 7 8 9 10 11 | 11.5
Fire Magic     | 1 2 3 4 5 6 7 8 9 10 11 | 11.5
Ice Magic      | 1 2 3 4 5 6 7 8 9 10 11 | 11.5
Air Magic      | 1 2 3 4 5 6 7 8 9 10 11 | 11.5
Earth Magic    | 1 2 3 4 5 6 7 8 9 10 11 | 11.5
Poison Magic   | 1 2 3 4 5 6 7 8 9 10 11 | 11.5
Axes           | 5 6 7 8 9 10 11 12 13 14 | 14.3
Fighting       | 7 8 9 10 11 12 13 14 | 14.9
Armour         | 7 8 9 10 11 12 13 14 | 14.9
Shields        | 7 8 9 10 11 12 13 14 | 14.9

Action                   |  1- 3 |  4- 6 |  7- 9 | 10-12 | 13-15 | 16-18 | 19-21 || total
-------------------------+-------+-------+-------+-------+-------+-------+-------++-------
Melee: War axe           |    64 |   147 |   178 |       |       |       |       ||   389
       Bite              |     4 |    12 |    32 |    76 |   210 |   264 |   126 ||   724
       Broad axe         |       |       |    80 |   550 |   554 |  1195 |   507 ||  2886
       Morningstar       |       |       |       |       |    17 |       |    30 ||    47
       Flail             |       |       |       |       |   573 |       |       ||   573
       Rapier            |       |       |       |       |    21 |   294 |    31 ||   346
       Lajatang          |       |       |       |       |    12 |    31 |       ||    43
Throw: Javelin           |       |       |     1 |     7 |     6 |    51 |     8 ||    73
 Cast: Confusing Touch   |       |       |       |     1 |     1 |       |       ||     2
       Silence           |       |       |       |       |       |       |     1 ||     1
Invok: Heroism           |       |       |       |     9 |    13 |    30 |    15 ||    67
       Finesse           |       |       |       |       |       |     1 |       ||     1
 Abil: Evoke Invisibilit |       |       |       |       |       |       |     1 ||     1
Evoke: Wand              |       |     1 |       |    19 |     3 |    11 |       ||    34
       Condenser vane    |       |       |       |     1 |       |     5 |     2 ||     8
  Use: Potion            |     3 |       |       |     4 |     4 |     3 |     2 ||    16
       Scroll            |       |       |     2 |    14 |    15 |    23 |     3 ||    57
 Stab: Sleeping          |       |       |       |    10 |    38 |    29 |    13 ||    90
       Invisible         |       |       |       |     4 |       |       |       ||     4
       Distracted        |       |       |       |     1 |     7 |    17 |     3 ||    28
       Confused          |       |       |       |       |     2 |       |       ||     2
       Paralysed         |       |       |       |       |       |     2 |       ||     2
Armor: Scale mail        |    42 |    62 |   108 |    46 |       |       |       ||   258
       Troll leather arm |       |       |       |   181 |   329 |   320 |    67 ||   897
       Ice dragon scales |       |       |       |       |    16 |       |       ||    16
       Swamp dragon scal |       |       |       |       |       |    49 |       ||    49
Dodge: Dodged            |    26 |    71 |   144 |   431 |   665 |  1090 |   256 ||  2683
       Repelled          |       |       |       |       |     3 |    13 |     4 ||    20
Block: Buckler           |    22 |    33 |    81 |   241 |    58 |       |       ||   435
       Kite shield       |       |       |       |       |   746 |  1281 |   332 ||  2359

Table legend: (Time is in decaauts)
 A = Elapsed time spent in this place.
 B = Non-inter-level travel time spent in this place.
 C = Inter-level travel time spent in this place.
 D = Time resting spent in this place.
 E = Time spent auto-exploring this place.
 F = Levels seen in this place.
 G = Mean time per level.
                   A        B        C        D        E       F      G
               +--------+--------+--------+--------+--------+-----+--------+
         Total |  40198 |  36705 |   3493 |   1925 |  21299 |  40 | 1005.0 |
       Dungeon |  17163 |  14946 |   2217 |    815 |   9273 |  15 | 1144.2 |
        Temple |    192 |    170 |     22 |      0 |    142 |   1 |  192.0 |
          Lair |   8489 |   7815 |    674 |    345 |   5257 |   6 | 1414.8 |
         Swamp |   3698 |   3583 |    115 |     77 |   2406 |   4 |  924.5 |
   Spider Nest |   2370 |   2317 |     53 |    145 |   1142 |   4 |  592.5 |
  Orcish Mines |   2055 |   1952 |    103 |     21 |    925 |   2 | 1027.5 |
        Vaults |   4252 |   3946 |    306 |    277 |   2048 |   3 | 1417.3 |
         Abyss |    470 |    470 |      0 |     25 |      0 |   1 |  470.0 |
        Bailey |    307 |    307 |      0 |      9 |     49 |   1 |  307.0 |
      Ice Cave |    246 |    246 |      0 |    120 |      0 |   1 |  246.0 |
       Volcano |    456 |    456 |      0 |     24 |      0 |   1 |  456.0 |
      Gauntlet |    495 |    495 |      0 |     67 |     57 |   1 |  495.0 |
               +--------+--------+--------+--------+--------+-----+--------+

Top non-repeatable levels by time:
Vaults:1: 2537 daAuts
    D:13: 2197 daAuts
  Lair:4: 1893 daAuts
  Lair:6: 1861 daAuts
  Lair:2: 1657 daAuts
   Orc:2: 1607 daAuts
     D:1: 1407 daAuts
     D:8: 1365 daAuts
  Lair:1: 1365 daAuts
Spider:3: 1290 daAuts
     D:2: 1257 daAuts
    D:11: 1256 daAuts
     D:3: 1225 daAuts
Vaults:2: 1221 daAuts
 Swamp:4: 1220 daAuts
